TOP OF THE 1ST |
Cincinnati (NYP) Reds batting - Pitching for Los Angeles (NYP) Dodgers : LHP Justin Pirie
|
Pitching: LHP Justin Pirie
|
|
Batting: RHB Marcus Carter
|
0-0: Ball 1-0: Called Strike 1-1: Called Strike 1-2: Strikes out looking
|
Batting: RHB Dave Ruiz
|
0-0: Ball 1-0: Called Strike 1-1: Swinging Strike 1-2: Ball 2-2: Hit by Pitch
|
Batting: RHB Jamie Ingram
|
0-0: Ball Dave Ruiz steals 2nd base 1-0: Foul Ball, location: 2F 1-1: Called Strike 1-2: Foul Ball, location: 2F 1-2: Foul Ball, location: 2F 1-2: Fly out, F9 (Flyball, 89XD, EV 90.0 MPH) Runner from 2nd tags up, SAFE at 3rd, no throw by RF
|
Batting: RHB Bill Hainey
|
0-0: Swinging Strike 0-1: Ball 1-1: Foul Ball, location: 2F 1-2: Ball 2-2: Ball Passed Ball! Dave Ruiz scores 3-2: Strikes out looking
|
Top of the 1st over - 1 run, 0 hits, 0 errors, 0 left on base; Cincinnati (NYP) 1 - Los Angeles (NYP) 0 |
BOTTOM OF THE 1ST |
Los Angeles (NYP) Dodgers batting - Pitching for Cincinnati (NYP) Reds : RHP Tim Bant
|
Pitching: RHP Tim Bant
|
|
Batting: SHB John Gernaat
|
0-0: Swinging Strike 0-1: Swinging Strike 0-2: Ground out 4-3 (Groundball, 4, EV 110.6 MPH)
|
Batting: RHB Pat Mage
|
0-0: Foul Ball, location: 2F 0-1: Ball 1-1: Foul Ball, location: 2F 1-2: Strikes out looking
|
Batting: SHB Chris Ackerson
|
0-0: Called Strike 0-1: Foul Ball, location: 2F 0-2: Ball 1-2: Foul Ball, location: 2F 1-2: Ball 2-2: Ball 3-2: Ground out 6-3 (Groundball, 6M, EV 103.1 MPH)
|
Bottom of the 1st over - 0 runs, 0 hits, 0 errors, 0 left on base; Cincinnati (NYP) 1 - Los Angeles (NYP) 0 |
TOP OF THE 2ND |
Cincinnati (NYP) Reds batting - Pitching for Los Angeles (NYP) Dodgers : LHP Justin Pirie
|
Batting: RHB Felipe Pineda
|
0-0: Called Strike 0-1: Ball 1-1: Ball 2-1: Ball 3-1: Foul Ball, location: 2F 3-2: Strikes out swinging
|
Batting: RHB Chae-seong Lee
|
0-0: Ground out 6-3 (Groundball, 6, EV 102.5 MPH)
|
Batting: RHB Pete Orban
|
0-0: Called Strike 0-1: Ball 1-1: Ball 2-1: Ground out 5-3 (Groundball, 56S, EV 91.9 MPH)
|
Top of the 2nd over - 0 runs, 0 hits, 0 errors, 0 left on base; Cincinnati (NYP) 1 - Los Angeles (NYP) 0 |
BOTTOM OF THE 2ND |
Los Angeles (NYP) Dodgers batting - Pitching for Cincinnati (NYP) Reds : RHP Tim Bant
|
Batting: RHB Eddie Perry
|
0-0: SINGLE (Line Drive, 8LS, EV 111.2 MPH)
|
Batting: RHB Jonathan Kirsch
|
0-0: Called Strike 0-1: Foul Ball, location: 2F 0-2: Ball 1-2: Ball 2-2: Ball 3-2: 2-RUN HOME RUN (Flyball, 78XD, EV 106.2 MPH), Distance : 434 ft
|
Batting: LHB Fernando Amaya
|
0-0: Ground out 6-3 (Groundball, 6S, EV 85.6 MPH)
|
Batting: LHB Stephen Van Raalte
|
0-0: SINGLE (Line Drive, 89S, EV 103.1 MPH)
|
Batting: RHB Jonathan Quijada
|
0-0: Called Strike 0-1: Ball 1-1: Ball 2-1: SINGLE (Groundball, 6MD, EV 106.9 MPH) Stephen Van Raalte to second
|
Batting: RHB Neal Jukic
|
0-0: Fielders Choice at 2nd, 4-6 (Groundball, 4D, EV 102.5 MPH) Stephen Van Raalte to third
|
Batting: SHB John Gernaat
|
0-0: Foul Ball, location: 2F 0-1: Foul Ball, location: 2F 0-2: Ball 1-2: Ground out 4-3 (Groundball, 34, EV 80.6 MPH)
|
Bottom of the 2nd over - 2 runs, 4 hits, 0 errors, 2 left on base; Cincinnati (NYP) 1 - Los Angeles (NYP) 2 |
TOP OF THE 3RD |
Cincinnati (NYP) Reds batting - Pitching for Los Angeles (NYP) Dodgers : LHP Justin Pirie
|
Batting: RHB Alfredo Razo
|
0-0: Called Strike 0-1: Ball 1-1: Ball 2-1: Called Strike 2-2: Foul Ball, location: 2F 2-2: Foul Ball, location: 2F 2-2: Foul Ball, location: 2F 2-2: Foul Ball, location: 2F 2-2: Ground out 6-3 (Groundball, 6, EV 91.9 MPH)
|
Batting: LHB Josiah Leath
|
0-0: Called Strike 0-1: Swinging Strike 0-2: Ball 1-2: Strikes out swinging
|
Batting: RHB Marcus Carter
|
0-0: Swinging Strike 0-1: Foul Ball, location: 2F 0-2: Ball 1-2: Strikes out swinging
|
Top of the 3rd over - 0 runs, 0 hits, 0 errors, 0 left on base; Cincinnati (NYP) 1 - Los Angeles (NYP) 2 |
BOTTOM OF THE 3RD |
Los Angeles (NYP) Dodgers batting - Pitching for Cincinnati (NYP) Reds : RHP Tim Bant
|
Batting: RHB Pat Mage
|
0-0: Ball 1-0: Fly out, F6 (Popup, 6D, EV 52.5 MPH)
|
Batting: SHB Chris Ackerson
|
0-0: Called Strike 0-1: Ball 1-1: Called Strike 1-2: Ball 2-2: Strikes out looking
|
Batting: RHB Eddie Perry
|
0-0: DOUBLE (Flyball, 9LD, EV 101.2 MPH)
|
Batting: RHB Jonathan Kirsch
|
0-0: Ball 1-0: Ball 2-0: Foul Ball, location: 2F 2-1: Fly out, F8 (Line Drive, 8LD, EV 92.5 MPH)
|
Bottom of the 3rd over - 0 runs, 1 hit, 0 errors, 1 left on base; Cincinnati (NYP) 1 - Los Angeles (NYP) 2 |
TOP OF THE 4TH |
Cincinnati (NYP) Reds batting - Pitching for Los Angeles (NYP) Dodgers : LHP Justin Pirie
|
Batting: RHB Dave Ruiz
|
0-0: Bunt missed! 0-1: SOLO HOME RUN (Flyball, 78XD, EV 93.1 MPH) (Inside the Park)
|
Batting: RHB Jamie Ingram
|
0-0: Ball 1-0: Foul Ball, location: 2F 1-1: Ball 2-1: Foul Ball, location: 2F 2-2: Ball 3-2: DOUBLE (Line Drive, 89D, EV 103.8 MPH)
|
Batting: RHB Bill Hainey
|
0-0: Ball 1-0: Called Strike 1-1: Called Strike 1-2: Ball Passed Ball! Jamie Ingram to third 2-2: Ball Passed Ball! Jamie Ingram scores 3-2: Foul Ball, location: 2F 3-2: Foul Ball, location: 2F 3-2: Base on Balls
|
Batting: RHB Felipe Pineda
|
0-0: Ball 1-0: Called Strike 1-1: Ball 2-1: Ball 3-1: Base on Balls Bill Hainey to second
|
Batting: RHB Chae-seong Lee
|
0-0: Ball 1-0: Swinging Strike 1-1: Ball 2-1: Swinging Strike 2-2: Ball 3-2: Base on Balls Bill Hainey to third Felipe Pineda to second
|
Pitching: RHP Craig Fallon
|
|
Batting: RHB Pete Orban
|
0-0: Fielders Choice at 2nd, 5-4 (Groundball, 5, EV 83.8 MPH) Bill Hainey scores Felipe Pineda to third
|
Batting: RHB Alfredo Razo
|
0-0: Called Strike Pete Orban steals 2nd base 0-1: Ground out 5-3 (Groundball, 56, EV 101.2 MPH) Felipe Pineda scores
|
Batting: LHB Josiah Leath
|
0-0: Ball Wild Pitch! Pete Orban to third 1-0: Ball 2-0: Ball 3-0: Base on Balls
|
Batting: RHB Marcus Carter
|
0-0: Ball 1-0: Ball Wild Pitch! Pete Orban scores Josiah Leath to second 2-0: Ball 3-0: Base on Balls
|
Batting: RHB Dave Ruiz
|
0-0: Foul Ball, location: 2F 0-1: Fielders Choice at 2nd, 5-4 (Groundball, 56, EV 103.8 MPH)
|
Top of the 4th over - 5 runs, 2 hits, 0 errors, 2 left on base; Cincinnati (NYP) 6 - Los Angeles (NYP) 2 |
BOTTOM OF THE 4TH |
Los Angeles (NYP) Dodgers batting - Pitching for Cincinnati (NYP) Reds : RHP Tim Bant
|
Batting: LHB Fernando Amaya
|
0-0: Ground out 5-3 (Groundball, 56, EV 83.8 MPH)
|
Batting: LHB Stephen Van Raalte
|
0-0: Ball 1-0: Called Strike 1-1: Foul Ball, location: 2F 1-2: Ball 2-2: Strikes out swinging
|
Batting: RHB Jonathan Quijada
|
0-0: Ball 1-0: Ball 2-0: Ball 3-0: Called Strike 3-1: Foul Ball, location: 2F 3-2: Strikes out swinging
|
Bottom of the 4th over - 0 runs, 0 hits, 0 errors, 0 left on base; Cincinnati (NYP) 6 - Los Angeles (NYP) 2 |
TOP OF THE 5TH |
Cincinnati (NYP) Reds batting - Pitching for Los Angeles (NYP) Dodgers : RHP Craig Fallon
|
Batting: RHB Jamie Ingram
|
0-0: Ball 1-0: Fly out, F9 (Flyball, 89D, EV 97.5 MPH)
|
Batting: RHB Bill Hainey
|
0-0: Called Strike 0-1: Ball 1-1: Foul Ball, location: 2F 1-2: Ball 2-2: Strikes out looking
|
Batting: RHB Felipe Pineda
|
0-0: Foul Ball, location: 2F 0-1: Ball 1-1: Called Strike 1-2: Ball 2-2: Foul Ball, location: 2F 2-2: Ball 3-2: SINGLE (Groundball, 56, EV 108.1 MPH) (infield hit)
|
Batting: RHB Chae-seong Lee
|
0-0: Ball 1-0: Ball Felipe Pineda steals 2nd, throwing error, E2 Felipe Pineda to third 2-0: Called Strike 2-1: Ground out 6-3 (Groundball, 56, EV 86.2 MPH)
|
Top of the 5th over - 0 runs, 1 hit, 1 error, 1 left on base; Cincinnati (NYP) 6 - Los Angeles (NYP) 2 |
BOTTOM OF THE 5TH |
Los Angeles (NYP) Dodgers batting - Pitching for Cincinnati (NYP) Reds : RHP Tim Bant
|
Batting: RHB Neal Jukic
|
0-0: Ball 1-0: Ground out 3-1 (Groundball, 34S, EV 89.4 MPH)
|
Batting: SHB John Gernaat
|
0-0: Called Strike 0-1: Reached on error, E1 (Groundball, 15S, EV 65.6 MPH)
|
Batting: RHB Pat Mage
|
0-0: Ball Wild Pitch! John Gernaat to second 1-0: Ground out 6-3 (Groundball, 6, EV 101.9 MPH)
|
Batting: SHB Chris Ackerson
|
0-0: Ball 1-0: Swinging Strike 1-1: Foul Ball, location: 2F 1-2: Strikes out swinging passed ball, reaches first! John Gernaat to third
|
Batting: RHB Eddie Perry
|
0-0: Ball 1-0: Ball 2-0: Ground out 2-3 (Groundball, 2L, EV 75.0 MPH)
|
Bottom of the 5th over - 0 runs, 0 hits, 1 error, 2 left on base; Cincinnati (NYP) 6 - Los Angeles (NYP) 2 |
TOP OF THE 6TH |
Cincinnati (NYP) Reds batting - Pitching for Los Angeles (NYP) Dodgers : RHP Craig Fallon
|
Batting: RHB Pete Orban
|
0-0: Foul Ball, location: 2F 0-1: Called Strike 0-2: Ball 1-2: Foul Ball, location: 2F 1-2: Strikes out looking
|
Batting: RHB Alfredo Razo
|
0-0: Called Strike 0-1: Foul Ball, location: 2F 0-2: Ground out 4-3 (Groundball, 4M, EV 90.6 MPH)
|
Batting: LHB Josiah Leath
|
0-0: Foul Ball, location: 2F 0-1: Ball 1-1: Foul Ball, location: 2F 1-2: Foul Ball, location: 2F 1-2: Strikes out looking
|
Top of the 6th over - 0 runs, 0 hits, 0 errors, 0 left on base; Cincinnati (NYP) 6 - Los Angeles (NYP) 2 |
BOTTOM OF THE 6TH |
Los Angeles (NYP) Dodgers batting - Pitching for Cincinnati (NYP) Reds : RHP Tim Bant
|
Batting: RHB Jonathan Kirsch
|
0-0: Called Strike 0-1: Swinging Strike 0-2: Ball 1-2: Ball 2-2: Hit by Pitch
|
Batting: LHB Fernando Amaya
|
0-0: Called Strike 0-1: Foul Ball, location: 2F 0-2: Foul Ball, location: 2F 0-2: Foul Ball, location: 2F 0-2: Fielders Choice at 2nd, 5-4 (Groundball, 5, EV 86.9 MPH)
|
Batting: LHB Stephen Van Raalte
|
0-0: Called Strike 0-1: Foul Ball, location: 2F 0-2: Ball 1-2: Ball 2-2: Grounds into double play, 4-6-3 (Groundball, 4, EV 83.1 MPH)
|
Bottom of the 6th over - 0 runs, 0 hits, 0 errors, 0 left on base; Cincinnati (NYP) 6 - Los Angeles (NYP) 2 |
TOP OF THE 7TH |
Cincinnati (NYP) Reds batting - Pitching for Los Angeles (NYP) Dodgers : RHP Craig Fallon
|
Pitching: LHP Melvin Fonseca
|
|
Batting: RHB Marcus Carter
|
0-0: Called Strike 0-1: Ball 1-1: Ball 2-1: Foul Ball, location: 2F 2-2: TRIPLE (Line Drive, 7LD, EV 103.8 MPH)
|
Batting: RHB Dave Ruiz
|
0-0: Called Strike 0-1: Ball 1-1: Swinging Strike 1-2: Strikes out swinging
|
Batting: RHB Jamie Ingram
|
0-0: Swinging Strike 0-1: Foul Ball, location: 2F 0-2: Strikes out swinging
|
Batting: RHB Bill Hainey
|
0-0: Foul Ball, location: 2F 0-1: Called Strike 0-2: Ball 1-2: Ball 2-2: Foul Ball, location: 2F 2-2: Strikes out looking and he ARGUES THE CALL AND IS TOSSED!
|
Top of the 7th over - 0 runs, 1 hit, 0 errors, 1 left on base; Cincinnati (NYP) 6 - Los Angeles (NYP) 2 |
BOTTOM OF THE 7TH |
Los Angeles (NYP) Dodgers batting - Pitching for Cincinnati (NYP) Reds : RHP Tim Bant
|
Now at C: Antonio Molina
|
|
Batting: RHB Jonathan Quijada
|
0-0: Foul Ball, location: 2F 0-1: Ball 1-1: Foul Ball, location: 2F 1-2: Foul Ball, location: 2F 1-2: Strikes out swinging
|
Pitching: RHP Takashi Kashiwabara
|
|
Batting: RHB Neal Jukic
|
0-0: Swinging Strike 0-1: Reached on error, E6 (Groundball, 6, EV 78.8 MPH)
|
Batting: SHB John Gernaat
|
0-0: Foul Ball, location: 2F 0-1: Ball 1-1: Foul Ball, location: 2F 1-2: Strikes out swinging
|
Batting: RHB Pat Mage
|
0-0: Foul Ball, location: 2F 0-1: Ball 1-1: Ball 2-1: Called Strike 2-2: Strikes out swinging
|
Bottom of the 7th over - 0 runs, 0 hits, 1 error, 1 left on base; Cincinnati (NYP) 6 - Los Angeles (NYP) 2 |
TOP OF THE 8TH |
Cincinnati (NYP) Reds batting - Pitching for Los Angeles (NYP) Dodgers : LHP Melvin Fonseca
|
Pitching: RHP Cody Bryant
|
|
Batting: RHB Felipe Pineda
|
0-0: Ball 1-0: Ball 2-0: Ball 3-0: Base on Balls
|
Batting: RHB Chae-seong Lee
|
0-0: Ball 1-0: Ball 2-0: Called Strike Felipe Pineda steals 2nd base 2-1: Foul Ball, location: 2F 2-2: Ball Wild Pitch! Felipe Pineda to third 3-2: Strikes out swinging
|
Batting: RHB Pete Orban
|
0-0: Ball 1-0: Ball Wild Pitch! Felipe Pineda scores 2-0: Foul Ball, location: 2F 2-1: Swinging Strike 2-2: Ground out 5-3 (Groundball, 56, EV 83.1 MPH)
|
Batting: RHB Alfredo Razo
|
0-0: Ground out 1-3 (Groundball, 34S, EV 65.6 MPH)
|
Top of the 8th over - 1 run, 0 hits, 0 errors, 0 left on base; Cincinnati (NYP) 7 - Los Angeles (NYP) 2 |
BOTTOM OF THE 8TH |
Los Angeles (NYP) Dodgers batting - Pitching for Cincinnati (NYP) Reds : RHP Takashi Kashiwabara
|
Batting: SHB Chris Ackerson
|
0-0: Ball 1-0: Foul Ball, location: 2F 1-1: Ball 2-1: Foul Ball, location: 2F 2-2: Ball 3-2: Strikes out swinging
|
Batting: RHB Eddie Perry
|
0-0: Foul Ball, location: 2F 0-1: Foul Ball, location: 2F 0-2: Strikes out swinging
|
Batting: RHB Jonathan Kirsch
|
0-0: Called Strike 0-1: Swinging Strike 0-2: Ball 1-2: Ball 2-2: Foul Ball, location: 2F 2-2: Strikes out swinging
|
Bottom of the 8th over - 0 runs, 0 hits, 0 errors, 0 left on base; Cincinnati (NYP) 7 - Los Angeles (NYP) 2 |
TOP OF THE 9TH |
Cincinnati (NYP) Reds batting - Pitching for Los Angeles (NYP) Dodgers : RHP Cody Bryant
|
Batting: LHB Josiah Leath
|
0-0: Called Strike 0-1: Ball 1-1: Ball 2-1: Ball 3-1: Base on Balls
|
Batting: RHB Marcus Carter
|
0-0: Ball 1-0: Fielders Choice at 2nd, 4-6 (Groundball, 34, EV 86.9 MPH)
|
Batting: RHB Dave Ruiz
|
0-0: Ball Passed Ball! Marcus Carter to second 1-0: Ball Passed Ball! Marcus Carter to third 2-0: Fly out, F8 (Flyball, 8LS, EV 93.1 MPH)
|
Batting: RHB Jamie Ingram
|
0-0: Called Strike 0-1: Fly out, F8 (Flyball, 8LS, EV 83.8 MPH)
|
Top of the 9th over - 0 runs, 0 hits, 0 errors, 1 left on base; Cincinnati (NYP) 7 - Los Angeles (NYP) 2 |
BOTTOM OF THE 9TH |
Los Angeles (NYP) Dodgers batting - Pitching for Cincinnati (NYP) Reds : RHP Takashi Kashiwabara
|
Batting: LHB Fernando Amaya
|
0-0: Called Strike 0-1: Ball 1-1: Ball 2-1: Ball 3-1: Foul Ball, location: 2F 3-2: SINGLE (Flyball, 4MD, EV 93.1 MPH)
|
Batting: LHB Stephen Van Raalte
|
0-0: Called Strike 0-1: Ball 1-1: Grounds out, U3 (Groundball, 3L, EV 101.2 MPH)
|
Batting: RHB Jonathan Quijada
|
0-0: 2-RUN HOME RUN (Flyball, 7D, EV 103.1 MPH), Distance : 394 ft
|
Pinch Hitting: LHB Jim Schriver
|
0-0: Ball 1-0: Ground out U3 (Groundball, 34, EV 102.5 MPH)
|
Batting: SHB John Gernaat
|
0-0: Called Strike 0-1: Swinging Strike 0-2: Strikes out swinging
|
Bottom of the 9th over - 2 runs, 2 hits, 0 errors, 0 left on base; Cincinnati (NYP) 7 - Los Angeles (NYP) 4 |
|